3AA
LANCASTER FARMERS @ SALEM MISFITS
09/21/2022
 
TOP OF THE 1ST
Lancaster Farmers batting - Pitching for Salem Misfits : RHP Juan Cantú
Pitching: RHP Juan Cantú
Batting: SHB Jim Henderson 0-0: Ball
1-0: Ball
2-0: SINGLE (Groundball, 34D)
Batting: RHB Eric Howard 0-0: Called Strike
0-1: Swinging Strike
0-2: Strikes out looking
Batting: RHB Fred Meyer 0-0: Called Strike
0-1: Ball
Jim Henderson steals 2nd base
1-1: Foul Ball, location: 2F
1-2: Fly out, F8 (Flyball, 78M)
Batting: RHB Sean MacKnight 0-0: Ground out 1-3 (Groundball, 23)
Top of the 1st over - 0 run(s), 1 hit(s), 0 error(s), 1 left on base; Lancaster 0 - Salem 0
BOTTOM OF THE 1ST
Salem Misfits batting - Pitching for Lancaster Farmers : RHP Roberto Cantú
Pitching: RHP Roberto Cantú
Batting: RHB Luis Martínez 0-0: Called Strike
0-1: Fly out, F9 (Popup, 89M)
Batting: RHB Héctor Cantú 0-0: Swinging Strike
0-1: Ball
1-1: Ball
2-1: Ball
3-1: Swinging Strike
3-2: Ground out 6-3 (Groundball, 6)
Batting: LHB Micheal Garren 0-0: Ball
1-0: DOUBLE (Line Drive, 7LS)
Batting: RHB Steve Duncan 0-0: Foul Ball, location: 2F
0-1: Called Strike
0-2: Strikes out looking
Bottom of the 1st over - 0 run(s), 1 hit(s), 0 error(s), 1 left on base; Lancaster 0 - Salem 0
TOP OF THE 2ND
Lancaster Farmers batting - Pitching for Salem Misfits : RHP Juan Cantú
Batting: LHB Rob Wilson 0-0: Ball
1-0: Swinging Strike
1-1: Foul Ball, location: 2F
1-2: Ball
2-2: Ball
3-2: Foul Ball, location: 2F
3-2: Fly out, F5 (Popup, 5SF)
Batting: RHB Chuck Wolf 0-0: Called Strike
0-1: Ball
1-1: Ball
2-1: Ball
3-1: Base on Balls
Batting: RHB Alan Potts 0-0: Grounds into double play, 1-4-3 (Groundball, 13S)
Top of the 2nd over - 0 run(s), 0 hit(s), 0 error(s), 0 left on base; Lancaster 0 - Salem 0
BOTTOM OF THE 2ND
Salem Misfits batting - Pitching for Lancaster Farmers : RHP Roberto Cantú
Batting: SHB Emílio Gonzáles 0-0: Ground out 6-3 (Groundball, 6)
Batting: SHB Arturo Romero 0-0: Foul Ball, location: 2F
0-1: DOUBLE (Line Drive, 9LM)
Batting: RHB Miguel Torres 0-0: Called Strike
0-1: Ball
1-1: Foul Ball, location: 2F
1-2: Strikes out looking
Batting: RHB Jim Unknown 0-0: Ball
1-0: Ground out 6-3 (Groundball, 6)
Bottom of the 2nd over - 0 run(s), 1 hit(s), 0 error(s), 1 left on base; Lancaster 0 - Salem 0
TOP OF THE 3RD
Lancaster Farmers batting - Pitching for Salem Misfits : RHP Juan Cantú
Batting: LHB Juan Durán 0-0: Ball
1-0: Ball
2-0: Ball
3-0: Base on Balls
Batting: RHB Carl Bryant 0-0: Called Strike
0-1: Called Strike
0-2: Foul Ball, location: 2F
0-2: Fly out, F8 (Flyball, 8LM)
0-2: Fly out, F8 (Flyball, 8LM)
Batting: SHB Jim Henderson 0-0: Ball
1-0: Called Strike
1-1: Ball
2-1: Foul Ball, location: 2F
2-2: Ball
3-2: Fly out, F9 (Flyball, 9M)
Batting: RHB Eric Howard 0-0: Ball
1-0: Called Strike
1-1: Ball
2-1: Ball
3-1: SINGLE (Flyball, 9S)
Juan Durán to second
Runner from 2nd tries for 3rd, SAFE, throw made to third
Eric Howard to second
Batting: RHB Fred Meyer 0-0: Called Strike
0-1: Ball
1-1: Foul Ball, location: 2F
1-2: Fly out, F9 (Flyball, 9M)
Top of the 3rd over - 0 run(s), 1 hit(s), 0 error(s), 2 left on base; Lancaster 0 - Salem 0
BOTTOM OF THE 3RD
Salem Misfits batting - Pitching for Lancaster Farmers : RHP Roberto Cantú
Batting: RHB Jim Unknown 0-0: Ball
1-0: Foul Ball, location: 2F
1-1: Swinging Strike
1-2: Ball
2-2: Foul Ball, location: 2F
2-2: Strikes out looking
Batting: RHB Luis Martínez 0-0: Called Strike
0-1: Foul Ball, location: 2F
0-2: SOLO HOME RUN (Flyball, 78XD), Distance : 427 ft
Batting: RHB Héctor Cantú 0-0: Ground out 4-3 (Groundball, 4)
Batting: LHB Micheal Garren 0-0: Foul Ball, location: 2F
0-1: SINGLE (Groundball, 5S) (infield hit)
Batting: RHB Steve Duncan 0-0: Ball
1-0: Fly out, F7 (Flyball, 78M)
Bottom of the 3rd over - 1 run(s), 2 hit(s), 0 error(s), 1 left on base; Lancaster 0 - Salem 1
TOP OF THE 4TH
Lancaster Farmers batting - Pitching for Salem Misfits : RHP Juan Cantú
Batting: RHB Sean MacKnight 0-0: Called Strike
0-1: Ground out 6-3 (Groundball, 56)
Batting: LHB Rob Wilson 0-0: Called Strike
0-1: Ball
1-1: Ball
2-1: Ground out 4-3 (Groundball, 4)
Batting: RHB Chuck Wolf 0-0: Called Strike
0-1: Ball
1-1: Ball
2-1: Foul Ball, location: 2F
2-2: Ball
3-2: Ground out U3 (Groundball, 3)
Top of the 4th over - 0 run(s), 0 hit(s), 0 error(s), 0 left on base; Lancaster 0 - Salem 1
BOTTOM OF THE 4TH
Salem Misfits batting - Pitching for Lancaster Farmers : RHP Roberto Cantú
Batting: SHB Emílio Gonzáles 0-0: Called Strike
0-1: Ball
1-1: Called Strike
1-2: Ball
2-2: Ball
3-2: Fly out, F9 (Flyball, 9M)
Batting: SHB Arturo Romero 0-0: Called Strike
0-1: Called Strike
0-2: Ball
1-2: Strikes out swinging
Batting: RHB Miguel Torres 0-0: Ball
1-0: Foul Ball, location: 2F
1-1: Swinging Strike
1-2: Foul Ball, location: 2F
1-2: Fly out, F3 (Line Drive, 3)
Bottom of the 4th over - 0 run(s), 0 hit(s), 0 error(s), 0 left on base; Lancaster 0 - Salem 1
TOP OF THE 5TH
Lancaster Farmers batting - Pitching for Salem Misfits : RHP Juan Cantú
Batting: RHB Alan Potts 0-0: Ball
1-0: Called Strike
1-1: Ball
2-1: Ground out 6-3 (Groundball, 6)
Batting: LHB Juan Durán 0-0: Fly out, F8 (Flyball, 8RS)
Batting: RHB Carl Bryant 0-0: Ball
1-0: Ball
2-0: Called Strike
2-1: Ball
3-1: Foul Ball, location: 2F
3-2: Fly out, F4 (Popup, 34)
Top of the 5th over - 0 run(s), 0 hit(s), 0 error(s), 0 left on base; Lancaster 0 - Salem 1
BOTTOM OF THE 5TH
Salem Misfits batting - Pitching for Lancaster Farmers : RHP Roberto Cantú
Batting: RHB Jim Unknown 0-0: Called Strike
0-1: Ball
1-1: Ball
2-1: Ball
3-1: Base on Balls
Batting: RHB Jim Unknown 0-0: Bunt missed!
0-1: Bunted foul
0-2: Foul Ball, location: 2F
0-2: Ball
1-2: Ball
2-2: Ball
3-2: Grounds into double play, 2-4-3 (Groundball, 2R)
Batting: RHB Luis Martínez 0-0: DOUBLE (Flyball, 8LD)
Batting: RHB Héctor Cantú 0-0: Ball
1-0: Ball
2-0: Fly out, F8 (Flyball, 8RM)
Bottom of the 5th over - 0 run(s), 1 hit(s), 0 error(s), 1 left on base; Lancaster 0 - Salem 1
TOP OF THE 6TH
Lancaster Farmers batting - Pitching for Salem Misfits : RHP Juan Cantú
Batting: SHB Jim Henderson 0-0: Ball
1-0: Called Strike
1-1: Ball
2-1: Foul Ball, location: 2F
2-2: Ball
3-2: Ground out 4-3 (Groundball, 4)
Batting: RHB Eric Howard 0-0: Reached on error, E5 (Groundball, 5S)
Batting: RHB Fred Meyer 0-0: Ball
1-0: Called Strike
1-1: Ball
2-1: Called Strike
2-2: 2-RUN HOME RUN (Flyball, 7D), Distance : 400 ft
Batting: RHB Sean MacKnight 0-0: Ball
1-0: Called Strike
1-1: Ball
2-1: Foul Ball, location: 2F
2-2: Strikes out swinging
Batting: LHB Rob Wilson 0-0: Foul Ball, location: 2F
0-1: Ball
1-1: SINGLE (Line Drive, 9LS)
Batting: RHB Chuck Wolf 0-0: Ball
1-0: Foul Ball, location: 2F
1-1: Foul Ball, location: 2F
1-2: Ball
2-2: Ball
3-2: Foul Ball, location: 2F
3-2: Strikes out swinging
Top of the 6th over - 2 run(s), 2 hit(s), 1 error(s), 1 left on base; Lancaster 2 - Salem 1
BOTTOM OF THE 6TH
Salem Misfits batting - Pitching for Lancaster Farmers : RHP Roberto Cantú
Batting: LHB Micheal Garren 0-0: Ball
1-0: Ball
2-0: Ball
3-0: Base on Balls
Batting: RHB Steve Duncan 0-0: Fielders Choice at 2nd, 6-4 (Groundball, 6)
Batting: SHB Emílio Gonzáles 0-0: Ball
1-0: Called Strike
1-1: Ball
2-1: Swinging Strike
2-2: Ball
3-2: Base on Balls
Steve Duncan to second
Batting: SHB Arturo Romero 0-0: Foul Ball, location: 2F
0-1: Foul Ball, location: 2F
0-2: Foul Ball, location: 2F
0-2: Foul Ball, location: 2F
0-2: Grounds into double play, 4-6-3 (Groundball, 34)
Bottom of the 6th over - 0 run(s), 0 hit(s), 0 error(s), 1 left on base; Lancaster 2 - Salem 1
TOP OF THE 7TH
Lancaster Farmers batting - Pitching for Salem Misfits : RHP Juan Cantú
Batting: RHB Alan Potts 0-0: Ball
1-0: Ball
2-0: Ground out 5-3 (Groundball, 5S)
Batting: LHB Juan Durán 0-0: Foul Ball, location: 2F
0-1: Ball
1-1: Foul Ball, location: 2F
1-2: Foul Ball, location: 2F
1-2: Ground out 1-3 (Groundball, 13S)
Batting: RHB Carl Bryant 0-0: Ball
1-0: Called Strike
1-1: SINGLE (Groundball, 56)
Pitching: RHP Sid Brown
Batting: SHB Jim Henderson 0-0: Foul Ball, location: 2F
0-1: Ball
Carl Bryant steals 2nd base
1-1: Ball
2-1: Ball
3-1: Foul Ball, location: 2F
3-2: Base on Balls
Batting: RHB Eric Howard 0-0: Fly out, F9 (Line Drive, 9M)
Top of the 7th over - 0 run(s), 1 hit(s), 0 error(s), 2 left on base; Lancaster 2 - Salem 1
BOTTOM OF THE 7TH
Salem Misfits batting - Pitching for Lancaster Farmers : RHP Roberto Cantú
Batting: RHB Miguel Torres 0-0: Ball
1-0: Hit by Pitch
Batting: RHB Jim Unknown 0-0: Bunted foul
0-1: Bunted foul
0-2: Ground out 3-1 (Groundball, 34S)
Miguel Torres to second
Batting: RHB Jim Unknown 0-0: Called Strike
0-1: Ground out 6-3 (Groundball, 6M)
Miguel Torres to third
Batting: RHB Luis Martínez 0-0: Ball
1-0: Foul Ball, location: 2F
1-1: Ball
2-1: Fly out, F8 (Flyball, 78M)
Bottom of the 7th over - 0 run(s), 0 hit(s), 0 error(s), 1 left on base; Lancaster 2 - Salem 1
TOP OF THE 8TH
Lancaster Farmers batting - Pitching for Salem Misfits : RHP Sid Brown
Batting: RHB Fred Meyer 0-0: Called Strike
0-1: Reached on error, E5 (Groundball, 56S)
Batting: RHB Sean MacKnight 0-0: Swinging Strike
0-1: Ball
1-1: Foul Ball, location: 2F
1-2: Strikes out swinging
Batting: LHB Rob Wilson 0-0: Intentional Walk
Batting: RHB Chuck Wolf 0-0: Ball
1-0: Swinging Strike
1-1: Called Strike
1-2: Strikes out swinging
Batting: RHB Alan Potts 0-0: Ball
1-0: Ball
2-0: Ball
3-0: Base on Balls
Fred Meyer to third
Rob Wilson to second
Batting: LHB Juan Durán 0-0: Swinging Strike
0-1: Ball
1-1: Ball
2-1: Ball
3-1: Foul Ball, location: 2F
3-2: Base on Balls
Fred Meyer scores
Rob Wilson to third
Alan Potts to second
Pinch Hitting: RHB Domenic Gallard 0-0: Fielders Choice at 2nd, U6 (Groundball, 6M)
Top of the 8th over - 1 run(s), 0 hit(s), 1 error(s), 3 left on base; Lancaster 3 - Salem 1
BOTTOM OF THE 8TH
Salem Misfits batting - Pitching for Lancaster Farmers : RHP Roberto Cantú
Now in CF: Domenic Gallard
Batting: RHB Héctor Cantú 0-0: Called Strike
0-1: Fly out, F3 (Popup, 3F)
Batting: LHB Micheal Garren 0-0: Ball
1-0: Swinging Strike
1-1: Foul Ball, location: 2F
1-2: Ball
2-2: Fly out, F8 (Flyball, 8LM)
Batting: RHB Steve Duncan 0-0: Called Strike
0-1: Ball
1-1: Called Strike
1-2: Ground out 5-3 (Groundball, 56S)
Bottom of the 8th over - 0 run(s), 0 hit(s), 0 error(s), 0 left on base; Lancaster 3 - Salem 1
TOP OF THE 9TH
Lancaster Farmers batting - Pitching for Salem Misfits : RHP Sid Brown
Batting: SHB Jim Henderson 0-0: DOUBLE (Line Drive, 3L)
Batting: RHB Eric Howard 0-0: Ball
1-0: SINGLE (Line Drive, 6D)
Jim Henderson to third
Runner from 3rd tries for Home, SAFE, throw made home
Now in LF: Jim Unknown
Batting: RHB Fred Meyer 0-0: Called Strike
0-1: Ball
1-1: Swinging Strike
1-2: Foul Ball, location: 2F
1-2: Ball
2-2: Ball
3-2: Base on Balls
Eric Howard to second
Batting: RHB Sean MacKnight 0-0: Called Strike
0-1: Ball
1-1: Foul Ball, location: 2F
1-2: Fly out, F4 (Popup, 3DF)
Pitching: RHP Alfredo Córdova
Batting: LHB Rob Wilson 0-0: Ball
1-0: Ball
2-0: Ball
3-0: Called Strike
Passed Ball!
Eric Howard to third
Fred Meyer to second
3-1: Intentional Walk
Batting: RHB Chuck Wolf 0-0: Called Strike
0-1: Swinging Strike
0-2: Strikes out looking
Batting: RHB Alan Potts 0-0: Foul Ball, location: 2F
0-1: Ball
1-1: Ball
2-1: Fielders Choice at 2nd, 6-4 (Groundball, 6)
Top of the 9th over - 1 run(s), 2 hit(s), 0 error(s), 2 left on base; Lancaster 4 - Salem 1
BOTTOM OF THE 9TH
Salem Misfits batting - Pitching for Lancaster Farmers : RHP Roberto Cantú
Pitching: RHP Rafael Rodríguez
Batting: SHB Emílio Gonzáles 0-0: Foul Ball, location: 2F
0-1: Foul Ball, location: 2F
0-2: Ball
1-2: Foul Ball, location: 2F
1-2: Ground out 4-3 (Groundball, 34)
Batting: SHB Jim Unknown 0-0: Foul Ball, location: 2F
0-1: Ball
1-1: Ball
2-1: Foul Ball, location: 2F
2-2: Foul Ball, location: 2F
2-2: Foul Ball, location: 2F
2-2: SINGLE (Line Drive, 8LS)
Batting: RHB Miguel Torres 0-0: Called Strike
0-1: Ball
1-1: Swinging Strike
1-2: Ball
2-2: Foul Ball, location: 2F
2-2: DOUBLE (Line Drive, 5D)
Jim Unknown to third
Pinch Hitting: LHB Jim Unknown 0-0: Ground out U3 (Groundball, 3)
Batting: RHB Jim Unknown 0-0: Ball
1-0: Ball
2-0: Fly out, F3 (Popup, 4MS)
Bottom of the 9th over - 0 run(s), 2 hit(s), 0 error(s), 2 left on base; Lancaster 4 - Salem 1
This league is powered by Out of the Park Baseball, the baseball management simulation game for PC, Mac and Linux
Friday, April 15th, 2016 - OOTP Baseball 16.9 Build 39